 Dungeon Crawl Stone Soup version 0.29.1-14-g9c671dbff4 (webtiles) character file.

Game seed: 2434158448737207795

40619 cdecastro the Severer (level 14, -1/128 (135) HPs)
             Began as a Hill Orc Fighter on Feb 13, 2023.
             Was the Champion of Beogh.
             Slain by a vampire mage (5 damage)
             ... on level 15 of the Dungeon.
             The game lasted 00:52:27 (22304 turns).

cdecastro the Severer (Hill Orc Fighter)           Turns: 22304, Time: 00:52:30

HP:   -1/128 (135)  AC: 24    Str: 29    XL:     14   Next: 11%
MP:   0/21          EV: 10    Int: 12    God:    Beogh [******]
Gold: 1307          SH:  0    Dex: 10    Spells: 13/13 levels left

rFire   . . .      SeeInvis .   a - +5 war axe "Goblinbane" {drain, Str+5 Int+4}
rCold   + + .      Faith    .   (no shield)
rNeg    . . .      Spirit   +   N - +0 ice dragon scales
rPois   +          Reflect  .   (no helmet)
rElec   .          Harm     .   o - +2 cloak {Will+}
rCorr   .          Rampage  .   B - +2 pair of gloves
Will    +++..                   X - +0 pair of boots
Stlth   ..........              t - amulet of guardian spirit
HPRegen 0.31/turn               G - ring "Teceps" {rPois rC+ Will+}
MPRegen 0.17/turn               T - ring of fire

@: lethally poisoned (-1 -> -25), drained
A: walk on water
a: Renounce Religion, Smiting, Recall Orcish Followers, Give Item to Named
Follower, Resurrection


You were on level 15 of the Dungeon.
You worshipped Beogh.
Beogh was exalted by your worship.
You visited 2 branches of the dungeon, and saw 16 of its levels.
You also visited: Sewer and Ice Cave.

You collected 1339 gold pieces.
You spent 32 gold pieces at shops.

Inventory:

Hand Weapons
 a - the +5 war axe "Goblinbane" (weapon) {drain, Str+5 Int+4}
   (You found it on level 8 of the Dungeon)

   A truly terrible weapon, it drains the life of any living foe it strikes.
   Str:       It affects your strength (+5).
   Int:       It affects your intelligence (+4).
 b - a +3 trident of protection
 E - a +0 battleaxe of venom
 J - a +2 hand crossbow of freezing
 O - a +3 halberd
Missiles
 d - 4 javelins
 l - 6 datura-tipped darts (quivered)
 s - 10 boomerangs
Armour
 c - a +0 buckler
 o - a +2 cloak of willpower (worn)
 B - a +2 pair of gloves (worn)
 N - +0 ice dragon scales (worn)
 X - a +0 pair of boots (worn)
Magical Staves
 p - a staff of poison
 C - a staff of death
Jewellery
 t - an amulet of guardian spirit (around neck)
 D - a ring of magical power
 G - the ring "Teceps" (left hand) {rPois rC+ Will+}
   (You found it in an ice cave)

   [ring of poison resistance]

   rC:        It protects you from cold.
   rPois:     It protects you from poison.
   Will:      It increases your willpower.
 I - a +6 ring of dexterity
 L - an amulet of faith
 T - a ring of fire (right hand)
Wands
 k - a wand of quicksilver (2)
 m - a wand of flame (18)
 u - a wand of digging (8)
 v - a wand of iceblast (11)
 x - a wand of polymorph (17)
 Z - a wand of mindburst (8)
Scrolls
 e - 5 scrolls of magic mapping {unknown}
 g - 3 scrolls of butterflies
 h - 5 scrolls of enchant armour
 n - 4 scrolls of teleportation
 q - 3 scrolls of poison
 y - a scroll of immolation
 F - a scroll of identify
 M - 4 scrolls of blinking {unknown}
 R - a scroll of vulnerability
 S - a scroll of enchant weapon
 U - 2 scrolls of fear
 V - 4 scrolls of amnesia {unknown}
 Y - a scroll of summoning
Potions
 f - 3 potions of lignification
 i - a potion of mutation
 j - 4 potions of resistance
 r - 3 potions of haste
 w - 3 potions of brilliance
 z - a potion of ambrosia
 A - 2 potions of flight
 K - a potion of attraction
 P - 6 potions of curing
 Q - a potion of cancellation
 W - a potion of heal wounds


   Skills:
 - Level 15.0 Fighting
 + Level 16.9 Axes
 - Level 15.0 Armour
 - Level 3.2 Shields
 - Level 10.0 Invocations
 - Level 5.0 Evocations


You had 13 spell levels left.
You didn't know any spells.
Your spell library contained the following spells:

 Spells                   Type           Power      Damage    Failure   Level
 Apportation              Tloc           0%         N/A       54%         1
 Necrotise                Necr           0%         1d4       54%         1
 Slow                     Hex            0%         N/A       54%         1
 Summon Small Mammal      Summ           0%         N/A       54%         1
 Ensorcelled Hibernation  Hex/Ice        0%         N/A       67%         2
 Passwall                 Tmut/Erth      0%         N/A       67%         2
 Sublimation of Blood     Necr           0%         N/A       67%         2
 Wereblood                Tmut           0%         N/A       67%         2
 Confusing Touch          Hex            0%         N/A       88%         3
 Ignite Poison            Fire/Tmut/Pois 0%         N/A       88%         3
 Mephitic Cloud           Conj/Pois/Air  0%         N/A       88%         3
 Portal Projectile        Hex/Tloc       0%         N/A       88%         3
 Swiftness                Air            0%         N/A       88%         3
 Tukima's Dance           Hex            0%         N/A       88%         3
 Vampiric Draining        Necr           0%         2d6       88%         3
 Fulminant Prism          Conj/Hex       0%         3d6       99%         4
 Iskenderun's Mystic Bla  Conj/Tloc      0%         2d3       99%         4
 Passage of Golubria      Tloc           0%         N/A       99%         4
 Blade Hands              Tmut           0%         N/A       100%        5
 Freezing Cloud           Conj/Ice/Air   0%         6-21      100%        5
 Lee's Rapid Deconstruct  Erth           0%         3d5*      100%        5
 Yara's Violent Unravell  Hex/Tmut       0%         3d3       100%        5
 Summon Hydra             Summ           0%         N/A       100%        7


Dungeon Overview and Level Annotations

Branches:
Dungeon (15/15)            Temple (1/1) D:6            Lair (0/5) D:9
    Orc (0/2) D:11         Vaults (0/5) D:14         Depths (0/4) D:15
  Sewer (visited)           IceCv (visited)

Altars:
Ashenzari
Cheibriados
Dithmenos
Elyvilon
Fedhas
Gozag
Hepliaklqana
Kikubaaqudgha
Makhleb
Nemelex Xobeh
Okawaru
Qazlal
Ru
Sif Muna
Trog
Uskayaw
Vehumet
Wu Jian
Xom
Yredelemnul
Zin
The Shining One

Shops:
D:4 *   D:5 *   D:11 (   D:12 *

Annotations:
D:9 1 runed translucent door, croobank's ghost, novice OpDe
D:12 Jorgrun
D:14 Roxanne


Message History

You swap places.
The vampire mage gestures at you while chanting.
The bolt of negative energy hits you!!!
You feel drained.
The vampire mage gestures wildly while chanting.
The vampire mage flickers and vanishes!
Deactivating autopickup; reactivate with Ctrl-A.
A skeletal warrior comes into view. It is wielding a +0 halberd.
Something hits you but does no damage. Something bites you but does no damage.
The skeletal warrior hits you from afar with a +2 glaive of venom!!
Unknown command.
You slash something!
Unknown command.
You closely miss something.
The skeletal warrior hits you from afar with a +2 glaive of venom!
Something hits you. Something bites you!
* * * LOW HITPOINT WARNING * * *
Something draws strength from your injuries!
Unknown command.
You miss something.
The skeletal warrior hits you from afar with a +2 glaive of venom!!
* * * LOW HITPOINT WARNING * * *
Something hits you but does no damage. Something bites you!
* * * LOW HITPOINT WARNING * * *
Something draws strength from your injuries!
Unknown command.
You slash something! Something hits you.
* * * LOW HITPOINT WARNING * * *
Something bites you!
* * * LOW HITPOINT WARNING * * *
Something draws strength from your injuries!
The skeletal warrior hits you from afar with a +2 glaive of venom!!
* * * LOW HITPOINT WARNING * * *
You are lethally poisoned!
You feel much better.
* * * LOW HITPOINT WARNING * * *
You feel extremely sick.
The skeletal warrior hits you from afar with a +0 halberd!
* * * LOW HITPOINT WARNING * * *
Something hits you but does no damage. Something bites you.
You die...

.>P.P.. ..8.... P
.8..... .. ....8.P
.P. P......
..8...z..8#####...
.. #........
#z#####.#######
#z{@o....# ..
#..o.....##.#
#...........#
#........####.####
#.................
#........####.....
#.<......# ...
#........# #
#........#


You could see 2 skeletal warriors, the friendly Thorok the orc knight and the
friendly Bladwarg the orc sorcerer (strong).

Vanquished Creatures
  An azure jelly (IceCv)
  3 quicksilver oozes (IceCv)
  An ice dragon (D:12)
  A rakshasa (D:13)
  2 hydras (D:14)
  5 two-headed ogres
  5 centaur warriors (D:14)
  Pikel (D:5)
  A deep elf pyromancer (D:14)
  6 cyclopes (D:14)
  2 manticores
  4 ugly things
  An elephant (D:9)
  Maurice (D:12)
  2 gargoyles
  2 ice statues (IceCv)
  A rime drake (D:12)
  A freezing wraith (D:14)
  An unseen horror (D:10)
  A tengu conjurer (D:14)
  2 trolls (D:11)
  A meliai (shapeshifter) (D:14)
  A polar bear (D:12)
  A hornet (D:8)
  12 slime creatures
  3 shadows
  2 water elementals (D:14)
  A basilisk (shapeshifter) (D:14)
  6 vampire mosquitoes
  20 yaks
  11 humans
  3 basilisks
  A steam dragon (D:6)
  The ghost of sigtrap the Conjurer, an amateur DsCj of Vehumet (D:3)
  3 acid dragons
  Duvessa (D:6)
  Pargi (Sewer)
  3 orc warriors
  3 great orb of eyes simulacra (IceCv)
  A sky beast (D:7)
  An ice beast (D:7)
  2 ogres
  9 centaurs
  2 phantoms (D:5)
  4 kobold brigands
  2 slime creature simulacra (IceCv)
  A necrophage (D:7)
  A bullfrog (D:7)
  3 gnoll sergeants
  2 scorpions
  5 glowing shapeshifter simulacra (IceCv)
  18 wights
  Dowan (D:5)
  2 electric eels (D:14)
  6 howler monkeys
  A jelly (D:7)
  4 hounds
  3 orc priests
  A gnoll bouda (D:5)
  8 orc wizards
  Terence (D:3)
  An iguana (D:7)
  5 shapeshifter simulacra (IceCv)
  15 gnolls
  4 adders
  3 shadow imps
  An ufetubus (D:7)
  5 worms
  A dart slug (D:3)
  29 orcs
  3 ball pythons
  6 bats
  2 bat zombies (D:6)
  3 endoplasms
  5 giant cockroaches (D:5)
  8 goblins
  5 hobgoblins
  6 jackals
  6 quokkas
  3 frilled lizards
  A goblin zombie (D:8)
  16 kobolds
  8 rats
  2 rat zombies (D:6)
  A spectral kobold (D:1)
335 creatures vanquished.

Vanquished Creatures (collateral kills)
  A vault guard (D:14)
  4 hydras
  2 centaur warriors (D:14)
  A deep elf pyromancer (D:13)
  4 manticores
  An ugly thing (D:14)
  Psyche (D:12)
  2 trolls
  A wolf spider simulacrum (D:15)
  A slime creature (D:15)
  2 wraiths (D:14)
  A centaur simulacrum (D:14)
  2 yaks (D:10)
  2 humans (D:14)
  A water elemental (D:15)
  A basilisk (D:14)
  2 centaurs (D:13)
  An orc wizard (D:8)
  4 gnolls
  2 orcs (D:11)
  A kobold (D:10)
37 creatures vanquished.

Vanquished Creatures (others)
  A vault guard (D:14)
  An orc knight (D:13)
  An orc wizard (D:9)
  2 orc warriors (D:12)
  A great orb of eyes simulacrum (IceCv)
  A boggart (D:14)
  A gnoll (D:6)
  3 orcs
  A ball python (D:4)
  A withered plant (D:13)
13 creatures vanquished.

Grand Total: 385 creatures vanquished

Notes
Turn   | Place    | Note
-------+----------+-------------------------------------------
     0 | D:1      | cdecastro the Hill Orc Fighter began the quest for the Orb.
     0 | D:1      | Reached XP level 1. HP: 19/19 MP: 1/1
   113 | D:1      | Reached skill level 3 in Axes
   261 | D:1      | Found a faded altar of an unknown god.
   453 | D:1      | Reached XP level 2. HP: 26/26 MP: 2/2
   501 | D:1      | Reached skill level 4 in Axes
  1351 | D:2      | Reached XP level 3. HP: 11/31 MP: 3/3
  1599 | D:2      | Reached skill level 5 in Axes
  2051 | D:3      | Reached XP level 4. HP: 38/39 MP: 4/4
  2221 | D:3      | Found a runed translucent door.
  2227 | D:3      | Noticed sigtrap's ghost (amateur DsCj)
  2299 | D:3      | Noticed Terence
  2309 | D:3      | Killed Terence
  2310 | D:3      | Reached skill level 6 in Axes
  2672 | D:3      | Reached XP level 5. HP: 33/45 MP: 5/5
  2780 | D:3      | Found a white marble altar of Elyvilon.
  2780 | D:3      | Found a glowing silver altar of Zin.
  2886 | D:3      | Found a glowing golden altar of the Shining One.
  3316 | D:4      | Reached skill level 7 in Axes
  3441 | D:4      | Became a worshipper of Beogh the Brigand
  3833 | D:4      | Found a broken altar of Ashenzari.
  3833 | D:4      | Found a hazy altar of Hepliaklqana.
  3890 | D:4      | Noticed an ogre
  3993 | D:4      | Found Naiwargh's Neck Hole.
  4200 | D:5      | Entered Level 5 of the Dungeon
  4257 | D:5      | Found an ornate altar of the Wu Jian Council.
  4268 | D:5      | Reached skill level 8 in Axes
  4268 | D:5      | Reached XP level 6. HP: 49/51 MP: 6/6
  4313 | D:5      | Reached skill level 9 in Axes
  4355 | D:5      | Found a glowing drain.
  4394 | Sewer    | Entered a sewer
  4424 | Sewer    | Noticed Pargi
  4455 | Sewer    | Killed Pargi
  4456 | Sewer    | Reached XP level 7. HP: 57/57 MP: 7/7
  4791 | D:5      | Reached skill level 10 in Axes
  5328 | D:5      | Found Loush's Lightly-Used Armoury.
  5494 | D:5      | Reached skill level 5 in Fighting
  6082 | D:6      | Found a staircase to the Ecumenical Temple.
  6108 | D:5      | Reached XP level 8. HP: 70/71 MP: 8/8
  6346 | D:6      | Reached * piety under Beogh
  6468 | D:6      | Noticed Dowan
  6468 | D:6      | Noticed Duvessa
  6807 | D:6      | Killed Duvessa
  6910 | D:5      | Killed Dowan
  6911 | D:5      | Reached skill level 10 in Fighting
  6948 | D:6      | Noticed Pikel
  7047 | D:5      | Killed Pikel
  7048 | D:5      | Reached skill level 5 in Invocations
  7048 | D:5      | Reached XP level 9. HP: 44/85 MP: 4/12
  7275 | D:5      | Reached skill level 11 in Axes
  7958 | D:6      | Found an ancient bone altar of Kikubaaqudgha.
  8012 | D:6      | Reached skill level 12 in Axes
  8026 | Temple   | Entered the Ecumenical Temple
  8921 | D:7      | Reached skill level 13 in Axes
  8994 | D:7      | Reached ** piety under Beogh
  9437 | D:7      | Reached XP level 10. HP: 93/93 MP: 13/13
  9531 | D:7      | Reached skill level 14 in Axes
  9897 | D:8      | Noticed a two-headed ogre
  9909 | D:8      | Killed a two-headed ogre
  9910 | D:8      | Reached skill level 15 in Axes
 10195 | D:8      | Found a snail-covered altar of Cheibriados.
 10542 | D:8      | Found a runed translucent door.
 10544 | D:8      | Found a basalt altar of Yredelemnul.
 10559 | D:8      | Reached *** piety under Beogh
 10651 | D:8      | Identified the +5 war axe "Goblinbane" {drain, Str+5 Int+4}
 11051 | D:8      | Found a sparkling altar of Nemelex Xobeh.
 11333 | D:9      | Reached skill level 16 in Axes
 11423 | D:9      | Reached skill level 5 in Armour
 11537 | D:9      | Found a burning altar of Makhleb.
 11613 | D:9      | Found a runed translucent door.
 11613 | D:9      | Noticed croobank's ghost (novice OpDe)
 11621 | D:9      | Noticed an elephant
 11747 | D:9      | Found a staircase to the Lair.
 11798 | D:9      | Noticed a two-headed ogre
 11934 | D:9      | Killed a two-headed ogre
 11935 | D:9      | Reached XP level 11. HP: 81/99 MP: 14/14
 12086 | D:9      | Found a shimmering blue altar of Sif Muna.
 12171 | D:9      | Gained Thorok as an ally
 12382 | D:9      | Found an iron altar of Okawaru.
 12695 | D:3      | Killed sigtrap's ghost
 13134 | D:10     | Entered Level 10 of the Dungeon
 13357 | D:10     | Reached skill level 10 in Armour
 13607 | D:10     | Reached **** piety under Beogh
 14132 | D:11     | Found a staircase to the Orcish Mines.
 14140 | D:11     | Noticed a manticore
 14146 | D:11     | Noticed a two-headed ogre
 14148 | D:11     | Killed a manticore
 14159 | D:11     | Killed a two-headed ogre
 14563 | D:11     | Noticed a cyan ugly thing
 14572 | D:11     | Killed a cyan ugly thing
 14573 | D:11     | Reached skill level 10 in Invocations
 14686 | D:11     | Found Mojiero's Antique Weapon Shoppe.
 15137 | D:12     | Noticed Maurice
 15145 | D:12     | Killed Maurice
 15209 | D:12     | Found a frozen archway.
 15214 | D:12     | Noticed an ice dragon
 15226 | D:12     | Reached XP level 12. HP: 104/110 MP: 19/19
 15233 | D:12     | Killed an ice dragon
 15335 | IceCv    | Entered an ice cave
 15789 | IceCv    | Reached ***** piety under Beogh
 16096 | IceCv    | Noticed a quicksilver ooze
 16107 | IceCv    | Killed a quicksilver ooze
 16730 | IceCv    | Noticed a quicksilver ooze
 16737 | IceCv    | Killed a quicksilver ooze
 16843 | IceCv    | Found a viscous altar of Jiyva.
 16843 | IceCv    | Noticed an azure jelly
 16860 | IceCv    | Killed an azure jelly
 16861 | IceCv    | Reached skill level 15 in Fighting
 17005 | IceCv    | Noticed a quicksilver ooze
 17021 | IceCv    | Killed a quicksilver ooze
 17279 | IceCv    | Identified the ring "Teceps" {rPois rC+ Will+}
 17522 | D:12     | Found Moij's Assorted Antiques.
 17530 | D:12     | Bought a scroll labelled MAHUOSS CITZI for 32 gold pieces
 17551 | D:12     | Noticed Psyche
 17551 | D:12     | Killed Psyche
 17721 | D:12     | Noticed Jorgrun
 17725 | D:12     | Noticed a four-headed hydra
 17756 | D:11     | Killed a four-headed hydra
 17992 | D:13     | Reached XP level 13. HP: 117/126 MP: 16/20
 17994 | D:13     | Reached skill level 5 in Evocations
 18331 | D:13     | Noticed a rakshasa
 18375 | D:13     | Killed a rakshasa
 18526 | D:13     | Found a basalt altar of Yredelemnul.
 19378 | D:14     | Found a shadowy altar of Dithmenos.
 19418 | D:14     | Killed a vault guard
 19472 | D:14     | Noticed Roxanne
 19631 | D:14     | Noticed a vault guard
 19650 | D:14     | Killed a vault guard
 19683 | D:14     | Found a gate to the Vaults.
 21168 | D:14     | Gained Bladwarg as an ally
 21169 | D:14     | Reached skill level 15 in Armour
 21451 | D:14     | Reached ****** piety under Beogh
 21452 | D:14     | Reached XP level 14. HP: 110/135 MP: 16/21
 21940 | D:15     | Entered Level 15 of the Dungeon
 22289 | D:15     | Found a staircase to the Depths.
 22304 | D:15     | HP: 4/128 [skeletal warrior/+0 halberd (12)]
 22304 | D:15     | Slain by a vampire mage

Illustrated notes

Levels and vault maps discovered:
D:1:      kilobyte_arrival_exit_the_forest, layout_loops_corners,
          dreamdust_ecumenical_altar_drowned_temple
D:2:      layout_basic
D:3:      layout_basic, dreamdust_divine_triumvirate,
          ebering_ghost_reflecting_pool, uniq_terence
D:4:      layout_loops_ring, gammafunk_temple_overflow_pools,
          nicolae_shop_sticking_my_neck_out
D:5:      layout_loops_corners, nicolae_wu_jian_wuxing_cycle,
          gup_sewer_entry_pipe, minmay_shop_damaged, minivault_11,
          minmay_tree_intersection
D:6:      layout_cave_pools, lemuel_zombie_altar_kikubaaqudgha,
          minmay_temple_entry_arrows, uniq_duvessa, uniq_pikel
D:7:      layout_loops_ring, grunt_ministairs_8, kennysheep_donut,
          minmay_misc_feat_cross
D:8:      layout_loops_corners, nicolae_overflow_hidden_temple,
          amcnicky_altar_gilded, dk_yredelemnul_ordeal, grunt_ministairs_4
D:9:      layout_basic, lemuel_tele_altar, mainiacjoe_overflow_small_starburst,
          okawaru_humans, david_lair_generic, hellmonk_ghost_happy_afterlife
D:10:     layout_irregular_city
D:11:     layout_gridville, david_orc_2, serial_shops, shop
D:12:     layout_gridville, portal_ice_cave_entry_animals_and_master,
          serial_shops, nicolae_shop_temple_entry_statues_fountains,
          kennysheep_generic_room_15, uniq_jorgrun, uniq_maurice, uniq_psyche
D:13:     layout_basic, yredelemnul_altar_generic
D:14:     nzn_winding_woodlands_medium [nzn_winding_woodlands_hourglass,
          nzn_winding_woodlands_5x15_longhouse,
          nzn_winding_woodlands_5x5_open_star, nzn_winding_woodlands_5x5_cross,
          nzn_winding_woodlands_center_pierced_h,
          nzn_winding_woodlands_5x5_three, nzn_winding_woodlands_5x5_default,
          nzn_winding_woodlands_5x15_concentric,
          nzn_winding_woodlands_5x5_perimeter], layout_basic,
          ximxim_vaults_locker_room, serial_glass, glass_columns_a,
          glass_columns_a, nicolae_dithmenos_through_a_glass_darkly,
          chequers_serial_rivers_micro_c, uniq_roxanne
D:15:     gammafunk_depths_entry_grave, layout_basic, serial_park_fountain
Temple:   nicolae_temple_bog_church

Skill      XL: |  1  2  3  4  5  6  7  8  9 10 11 12 13 |
---------------+----------------------------------------+-----
Axes           | 3 4 5 6 8 9 10 13 16 | 16.9
Fighting       | 6 10 11 15 | 15.0
Invocations    | 5 10 | 10.0
Armour         | 8 10 15 | 15.0
Evocations     | 4 5 |  5.0
Shields        | |  3.2

Action                   |  1- 3 |  4- 6 |  7- 9 | 10-12 | 13-15 || total
-------------------------+-------+-------+-------+-------+-------++-------
Melee: War axe           |   100 |   206 |   284 |   444 |   225 ||  1259
       Punch             |       |     2 |     3 |    14 |     3 ||    22
       Trident           |       |       |       |     7 |    38 ||    45
Invok: Convert to Beogh  |       |     1 |       |       |       ||     1
       Recall Orcish Fol |       |       |       |     3 |     6 ||     9
       Give Item to Name |       |       |       |       |     1 ||     1
  Use: Potion            |       |     2 |       |     3 |     2 ||     7
       Scroll            |       |     9 |     7 |     5 |     6 ||    27
 Stab: Distracted        |       |       |       |     2 |     1 ||     3
Armor: Scale mail        |    48 |       |       |       |       ||    48
       Plate armour      |    11 |   105 |   189 |   133 |       ||   438
       Skin              |       |    51 |       |       |       ||    51
       Ice dragon scales |       |       |       |    78 |   226 ||   304
Dodge: Dodged            |    65 |    53 |   100 |   129 |   153 ||   500
